 Dungeon Crawl Stone Soup version 0.24-a0-520-g8fd06ad0bc (webtiles) character file.

Game seed: 15605798444054474155

145 Mithandil the Conjurer (level 5, -6/28 HPs)
             Began as a Deep Elf Conjurer on July 26, 2019.
             Mangled by a howler monkey (7 damage)
             ... on level 4 of the Dungeon.
             The game lasted 00:08:30 (1731 turns).

Mithandil the Conjurer (Deep Elf Conjurer)          Turns: 1731, Time: 00:08:31

Health: -6/28      AC:  4    Str:  6    XL:     5   Next: 6%
Magic:  1/14       EV: 13    Int: 20    God:
Gold:   111        SH:  0    Dex: 15    Spells: 2/13 levels left

rFire    . . .     SeeInvis .   a - +1 dagger
rCold    . . .     Gourm    .   (no shield)
rNeg     . . .     Faith    .   k - +0 leather armour
rPois    .         Spirit   .   (no helmet)
rElec    .         Reflect  .   (no cloak)
rCorr    .         Harm     .   g - +0 pair of gloves
MR       .....                  (no boots)
Stlth    ++........             (no amulet)
HPRegen  0.09/turn              (no ring)
MPRegen  0.14/turn              (no ring)

@: no status effects
A: no striking features
a: no special abilities


You were on level 4 of the Dungeon.
You were not hungry.

You visited 1 branch of the dungeon, and saw 4 of its levels.

You collected 111 gold pieces.

Inventory:

Hand Weapons
 a - a +1 dagger (weapon)
Missiles
 e - 95 stones (quivered)
 f - 17 arrows
Armour
 g - a +0 pair of gloves (worn)
 k - a +0 leather armour (worn)
Potions
 d - 2 potions of curing {unknown}
 h - 2 potions of heal wounds {unknown}
Comestibles
 b - 2 chunks of flesh
 c - 3 rations


   Skills:
 + Level 3.4 Dodging
 + Level 3.5 Stealth
 * Level 4.8 Spellcasting
 * Level 5.3 Conjurations


You had 2 spell levels left.
You knew the following spells:

 Your Spells              Type           Power        Failure   Level  Hunger
a - Magic Dart            Conj           ####         1%          1    None
b - Searing Ray           Conj           ####..       3%          2    #......
c - Force Lance           Conj/Tloc      ###.....     52%         4    ####...
d - Iskenderun's Mystic   Conj           ####....     21%         4    ####...

Your spell library contained the following spells:

 Spells                   Type           Power        Failure   Level  Hunger
 Dazzling Spray           Conj/Hex       ###...       19%         3    ##.....
 Fulminant Prism          Conj/Hex       ###.......   52%         4    ####...


Dungeon Overview and Level Annotations

Branches:
Dungeon (4/15)
 Temple: D:4-7

Altars:
Sif Muna
Vehumet


Message History

The howler monkey is heavily wounded.
The howler monkey closely misses you.
You barely miss the howler monkey.
The howler monkey is heavily wounded.
The howler monkey closely misses you.
You closely miss the howler monkey.
The howler monkey is heavily wounded.
The howler monkey barely misses you.
You closely miss the howler monkey.
The howler monkey is heavily wounded.
The howler monkey completely misses you.
Casting: Magic Dart (safe; 1% risk of failure)
Confirm with . or Enter, or press ? or * to list all spells.
Aiming: Magic Dart (safe; 1% risk of failure)
Press: ? - help, Shift-Dir - straight line, f/p - howler monkey
Aim: a howler monkey (heavily wounded)
The magic dart hits the howler monkey.
The howler monkey is almost dead.
The howler monkey hits you!
You die...

#.....<.†.s..####
#..#######......#
#.. #.#.##.# #.S
#.# # #..# #.#
#....#####.#
#..........#
##.#..._..##
#...8@.# #..._h.#
#......#
#.........
###.######. #. ..
# #. ..


You could see a howler monkey.

Vanquished Creatures
  A scorpion (D:4)
  An iguana (D:4)
  3 adders
  2 worms (D:2)
  A dart slug (D:3)
  2 leopard geckos
  4 bats
  2 giant cockroaches
  4 goblins
  3 hobgoblins (D:1)
  3 jackals
  5 kobolds
  A ball python (D:1)
  3 frilled lizards
  4 rats
39 creatures vanquished.

Notes
Turn   | Place    | Note
-------+----------+-------------------------------------------
     0 | D:1      | Mithandil the Deep Elf Conjurer began the quest for the
                  | Orb.
     0 | D:1      | Reached XP level 1. HP: 10/10 MP: 6/6
   428 | D:1      | Reached XP level 2. HP: 15/15 MP: 4/8
   955 | D:2      | Learned a level 2 spell: Searing Ray
  1003 | D:2      | Reached XP level 3. HP: 19/19 MP: 6/10
  1581 | D:3      | Reached skill level 5 in Conjurations
  1670 | D:4      | Noticed a scorpion
  1678 | D:4      | Reached XP level 4. HP: 22/24 MP: 8/12
  1684 | D:4      | Learned a level 4 spell: Force Lance
  1689 | D:4      | Learned a level 4 spell: Iskenderun's Mystic Blast
  1693 | D:4      | Found a radiant altar of Vehumet.
  1694 | D:4      | Found a deep blue altar of Sif Muna.
  1704 | D:4      | Reached XP level 5. HP: 20/28 MP: 2/14
  1726 | D:4      | HP: 1/28 [howler monkey (3)]
  1731 | D:4      | Mangled by a howler monkey

Levels and vault maps discovered:
D:1:      kennysheep_arrival_forest, layout_basic, serial_curves,
          eino_curves_02, eino_curves_03
D:2:      layout_loops_ring
D:3:      layout_basic, first_ration, kennysheep_crisscross
D:4:      layout_loops_ring, chequers_temple_overflow_statue_of_worship,
          gup_sewer_entry_bubbles

Skill      XL: |  1  2  3 |
---------------+----------+-----
Stealth        | 3 |  3.5
Spellcasting   | 4 |  4.8
Dodging        | 3 |  3.4
Conjurations   | 5 |  5.3

Action                   |  1- 3 |  4- 6 || total
-------------------------+-------+-------++-------
Melee: Dagger            |     9 |    20 ||    29
 Cast: Magic Dart        |    73 |     5 ||    78
       Searing Ray       |       |     2 ||     2
  Use: Scroll            |     2 |       ||     2
  Eat: Chunk             |     2 |       ||     2
Armor: Robe              |     5 |       ||     5
       Leather armour    |       |     3 ||     3
Dodge: Dodged            |    10 |    13 ||    23

Table legend:
 A = Non-vault XP
 B = Vault XP
 C = Vault XP percentage of total XP
 D = Non-vault monster count
 E = Vault monster count
 F = Vault count percentage of total count
                 A         B        C        D         E       F
            +---------+---------+-------+---------+---------+-------
      Total |     208 |       0 |   0.0 |      39 |       0 |   0.0
            +---------+---------+-------+---------+---------+-------
        D:1 |      30 |       0 |   0.0 |      17 |       0 |   0.0
        D:2 |      39 |       0 |   0.0 |      12 |       0 |   0.0
        D:3 |      24 |       0 |   0.0 |       6 |       0 |   0.0
        D:4 |     115 |       0 |   0.0 |       4 |       0 |   0.0
            +---------+---------+-------+---------+---------+-------
